 Dungeon Crawl Stone Soup version 0.26.0-11-g8f856b5395 (webtiles) character file.

Game seed: 14187968304029506878

1396 tma the Grappler (level 8, -4/78 HPs)
             Began as a Troll Berserker on Jan 15, 2021.
             Was a Priest of Trog.
             Shot with an arrow by a centaur (7 damage)
             ... on level 6 of the Dungeon.
             The game lasted 00:18:48 (4264 turns).

tma the Grappler (Troll Berserker)                  Turns: 4264, Time: 00:18:48

Health: -4/78      AC:  7    Str: 28    XL:     8   Next: 41%
Magic:  7/7        EV: 15    Int:  3    God:    Trog [***...]
Gold:   300        SH:  0    Dex:  9    Spells: 7/7 levels left

rFire    . . .     SeeInvis .     - Unarmed
rCold    . . .     Faith    .   (no shield)
rNeg     . . .     Spirit   .   b - +1 robe
rPois    .         Reflect  .   (helmet restricted)
rElec    .         Harm     .   (no cloak)
rCorr    .         Rampage  .   (gloves unavailable)
Will     .....                  (boots unavailable)
Stlth    +.........             (no amulet)
HPRegen  0.63/turn              g - +4 ring of evasion
MPRegen  0.10/turn              (no ring)

@: no status effects
A: large, unfitting armour, claws 3, regeneration 1, shaggy fur 1, tough skin 3
a: Renounce Religion, Berserk, Trog's Hand


You were on level 6 of the Dungeon.
You worshipped Trog.
Trog was most pleased with you.
You visited 2 branches of the dungeon, and saw 7 of its levels.

You collected 300 gold pieces.

Inventory:

Missiles
 t - 132 stones (quivered)
Armour
 b - a +1 robe (worn)
Jewellery
 g - a +4 ring of evasion (left claw)
Wands
 d - a wand of paralysis (7)
 y - a wand of digging (1)
Scrolls
 c - 4 scrolls of remove curse {unknown}
 f - 3 scrolls of identify
 h - 2 scrolls of fear {unknown}
 j - 2 scrolls of random uselessness {unknown}
 n - a scroll of noise {unknown}
 p - 4 scrolls of magic mapping {unknown}
 v - a scroll of immolation {unknown}
 w - a scroll of enchant armour
 x - 3 scrolls of teleportation
Potions
 a - 4 potions of lignification {unknown}
 e - a potion of brilliance {unknown}
 i - 5 potions of flight {unknown}
 k - a potion of magic {unknown}
 l - 2 potions of cancellation {unknown}
 m - 2 potions of curing {unknown}
 o - 2 potions of berserk rage {unknown}
 q - 3 potions of haste {unknown}
 r - 2 potions of might {unknown}
 s - a potion of heal wounds {unknown}
 u - a potion of degeneration {unknown}
 z - a potion of resistance {unknown}


   Skills:
 * Level 3.7 Fighting
 * Level 4.9 Dodging
 + Level 1.1 Stealth
 * Level 8.5 Unarmed Combat


You had 7 spell levels left.
You didn't know any spells.
Your spell library contained the following spells:

 Spells                   Type           Power        Failure   Level
 Confusing Touch          Hex            0%           88%         3
 Gell's Gravitas          Tloc           0%           88%         3
 Petrify                  Tmut/Erth      0%           99%         4
 Metabolic Englaciation   Hex/Ice        0%           100%        5
 Yara's Violent Unravell  Hex/Tmut       0%           100%        5


Dungeon Overview and Level Annotations

Branches:
Dungeon (6/15)             Temple (1/1) D:4

Altars:
Cheibriados
Dithmenos
Hepliaklqana
Trog
Wu Jian
Xom
Yredelemnul
The Shining One


Innate Abilities, Weirdness & Mutations

You are too large for most types of armour.
You have claws for hands.
Your natural rate of healing is unusually fast.
You are covered in fur. (AC +1)
You have extremely tough skin. (AC +3)


Message History

The howler monkey skeleton hits you but does no damage.
You claw the howler monkey skeleton!
The howler monkey skeleton is severely damaged.
The quokka bites you but does no damage.
The orc warrior hits you from afar with a +0 trident!
The howler monkey skeleton hits you but does no damage.
You mangle the howler monkey skeleton!!
You destroy the howler monkey skeleton!
Trog accepts your kill.
The centaur shoots an arrow.
The arrow hits you. The quokka misses you.
You barely miss the quokka.
The centaur shoots an arrow.
The arrow barely misses you. The quokka misses you.
The orc warrior hits you from afar with a +0 trident!!
* * * LOW HITPOINT WARNING * * *
You barely miss the quokka. The quokka misses you.
The orc warrior hits you from afar with a +0 trident!
* * * LOW HITPOINT WARNING * * *
The centaur shoots an arrow.
The arrow closely misses you. The quokka closely misses you.
The centaur shoots an arrow.
The arrow hits you!
You die...

.................#
..#..............###
................)..##
.........###.#......##
.....#.####.##.......#
.....#.......##.
........o.......
........(r......
....c...@.(.....
(...............
.....#..........
.....##......... .....
#......... ....
.......... ...
##........ .........


You could see an orc warrior, a centaur and a quokka.

Vanquished Creatures
  Sigmund (D:2)
  Eustachio (D:5)
  3 ogres
  A necrophage (D:5)
  Blork the orc (D:5)
  2 scorpions
  A howler monkey (D:5)
  2 orc priests
  A bullfrog skeleton (D:5)
  3 worker ants (D:4)
  4 orc wizards
  A hound zombie (D:5)
  2 hound skeletons (D:5)
  3 gnolls (D:6)
  A howler monkey skeleton (D:6)
  8 adders
  2 white imps (D:5)
  An ufetubus (D:5)
  2 oozes
  A worm (D:3)
  3 dart slugs
  2 leopard geckos
  18 orcs
  A ball python (D:3)
  10 bats
  7 giant cockroaches
  5 goblins
  6 hobgoblins
  8 jackals
  A kobold (D:2)
  6 quokkas
  3 frilled lizards
  5 rats
116 creatures vanquished.

Vanquished Creatures (others)
  A plant (D:1)
1 creature vanquished.

Grand Total: 117 creatures vanquished

Notes
Turn   | Place    | Note
-------+----------+-------------------------------------------
     0 | D:1      | tma the Troll Berserker began the quest for the Orb.
     0 | D:1      | Reached XP level 1. HP: 22/22 MP: 0/0
   202 | D:1      | Reached XP level 2. HP: 29/29 MP: 1/1
   372 | D:1      | Reached XP level 3. HP: 32/36 MP: 2/2
   943 | D:2      | Reached ** piety under Trog
  1012 | D:2      | Noticed Sigmund
  1020 | D:2      | Killed Sigmund
  1021 | D:2      | Reached skill level 4 in Unarmed Combat
  1021 | D:2      | Reached XP level 4. HP: 45/45 MP: 3/3
  1021 | D:2      | Reached XP level 5. HP: 53/53 MP: 4/4
  1506 | D:2      | Found a shadowy altar of Dithmenos.
  1807 | D:3      | Reached skill level 5 in Unarmed Combat
  1807 | D:3      | Reached XP level 6. HP: 61/61 MP: 5/5
  2564 | D:4      | Reached skill level 6 in Unarmed Combat
  2768 | D:4      | Reached XP level 7. HP: 61/67 MP: 6/6
  2954 | D:4      | Found a staircase to the Ecumenical Temple.
  3149 | Temple   | Entered the Ecumenical Temple
  3291 | D:5      | Entered Level 5 of the Dungeon
  3368 | D:5      | Found a shimmering altar of Xom.
  3393 | D:5      | Found a shimmering altar of Xom.
  3396 | D:5      | Found a shimmering altar of Xom.
  3400 | D:5      | Found a shimmering altar of Xom.
  3403 | D:5      | Found a shimmering altar of Xom.
  3403 | D:5      | Found a shimmering altar of Xom.
  3405 | D:5      | Found a shimmering altar of Xom.
  3414 | D:5      | Reached *** piety under Trog
  3529 | D:5      | Reached skill level 7 in Unarmed Combat
  3834 | D:5      | Reached skill level 1 in Stealth
  3834 | D:5      | Reached XP level 8. HP: 75/75 MP: 7/7
  4045 | D:6      | Noticed Blork the orc
  4128 | D:6      | Noticed Eustachio
  4175 | D:5      | Killed Eustachio
  4176 | D:5      | Reached skill level 8 in Unarmed Combat
  4227 | D:5      | Killed Blork the orc
  4263 | D:6      | HP: 3/78 [orc warrior/+0 trident (8)]
  4264 | D:6      | Shot with an arrow by a centaur

Illustrated notes

Levels and vault maps discovered:
D:1:      psy_arrival_conway, layout_basic, minmay_strange_pillars,
          minmay_misc_feat_pillars, lemuel_another_geyser
D:2:      layout_rooms, lemuel_round_altar, uniq_sigmund
D:3:      layout_basic, minivault_19
D:4:      layout_loops_ring, minmay_temple_entry_trees
D:5:      layout_basic, nicolae_xom_altar_mimics, minmay_misc_feat_secret_circle
D:6:      layout_cave_pools, fedhas_altar_1, uniq_eustachio, uniq_blork_the_orc
Temple:   compressed_dpeg_circular_temple

Skill      XL: |  1  2  3  4  5  6  7  8 |
---------------+-------------------------+-----
Dodging        | 3 4 |  4.9
Fighting       | 3 |  3.7
Unarmed Combat | 4 5 6 7 8 |  8.5
Stealth        | 1 |  1.1

Action                   |  1- 3 |  4- 6 |  7- 9 || total
-------------------------+-------+-------+-------++-------
Melee: Unarmed           |    88 |   140 |   113 ||   341
       Punch             |     3 |     3 |     5 ||    11
Throw: Stone             |       |     1 |       ||     1
Invok: Berserk           |     1 |     1 |       ||     2
  Use: Scroll            |       |     4 |     1 ||     5
 Stab: Sleeping          |     1 |       |       ||     1
Armor: Animal skin       |    60 |     3 |       ||    63
       Robe              |       |    44 |    42 ||    86
Dodge: Dodged            |    50 |    63 |   114 ||   227
